 Dungeon Crawl Stone Soup version 0.29.1-12-g30fa7ad0bf (webtiles) character file.

Game seed: 5310621147466350282

13310 Linkola the Thrower (level 11, -5/94 HPs)
             Began as a Minotaur Fighter on Dec 26, 2022.
             Was a Believer of Wu Jian.
             Slain by an orc knight
             ... wielding a +3 battleaxe
              (17 damage)
             ... on level 2 of the Orcish Mines on Dec 31, 2022.
             The game lasted 00:52:23 (12599 turns).

Linkola the Thrower (Minotaur Fighter)             Turns: 12599, Time: 00:52:24

Health: -5/94      AC: 22    Str: 29    XL:     11   Next: 73%
Magic:  10/10      EV: 23    Int:  5    God:    Wu Jian [**....]
Gold:   1053       SH:  5    Dex:  9    Spells: 10/10 levels left

rFire   . . .      SeeInvis .   v - +3 war axe (spect)
rCold   . . .      Faith    .   c - +0 buckler
rNeg    + . .      Spirit   .   t - +2 plate armour {rPois}
rPois   +          Reflect  .   l - +2 hat
rElec   .          Harm     .   e - +0 cloak
rCorr   .          Rampage  .   o - +0 pair of gloves
Will    .....                   b - +0 pair of boots
Stlth   ..........              h - amulet of the acrobat
HPRegen 0.25/turn               r - ring of the Garden {*Slow rPois rN+ Str+3}
MPRegen 0.12/turn               (no ring)

@: acrobatic
A: horns 2, retaliatory headbutt
a: Renounce Religion, Wall Jump


You were on level 2 of the Orcish Mines.
You worshipped Wu Jian.
Wu Jian was pleased with you.
You visited 3 branches of the dungeon, and saw 13 of its levels.

You collected 1053 gold pieces.

Inventory:

Hand Weapons
 v - a +3 spectral war axe (weapon)
Missiles
 a - a throwing net
 d - 47 stones
 g - 11 poisoned darts (quivered)
 m - 2 curare-tipped darts
 y - 5 atropa-tipped darts
 C - 3 boomerangs
Armour
 b - a +0 pair of boots (worn)
 c - a +0 buckler (worn)
 e - a +0 cloak (worn)
 l - a +2 hat (worn)
 o - a +0 pair of gloves (worn)
 t - a +2 plate armour of poison resistance (worn)
Jewellery
 h - an amulet of the acrobat (around neck)
 r - the ring of the Garden (left hand) {*Slow rPois rN+ Str+3}
   (You found it on level 5 of the Dungeon)

   [ring of positive energy]

   Str:       It affects your strength (+3).
   rPois:     It protects you from poison.
   rN:        It protects you from negative energy.
   *Slow:     It may slow you when you take damage.
Wands
 k - a wand of paralysis (17)
 p - a wand of flame (13)
 w - a wand of acid (14)
 x - a wand of mindburst (8)
Scrolls
 f - 2 scrolls of identify
 q - 6 scrolls of teleportation
 s - 2 scrolls of amnesia
Potions
 i - a potion of flight
 j - 4 potions of curing
 n - 2 potions of magic
 u - a potion of brilliance
 z - a potion of ambrosia
Miscellaneous
 B - a phial of floods (inert)


   Skills:
 + Level 8.2 Fighting
 + Level 10.0(11.1) Axes
 + Level 7.7(10.0) Maces & Flails
 * Level 10.1 Throwing
 + Level 8.7 Armour
 + Level 2.3 Dodging
 + Level 6.2 Shields
 * Level 6.4 Evocations


You had 10 spell levels left.
You didn't know any spells.
Your spell library contained the following spells:

 Spells                   Type           Power      Damage    Failure   Level
 Scorch                   Fire           0%         2d5       100%        2
 Call Canine Familiar     Summ           0%         N/A       100%        3
 Dazzling Flash           Conj/Hex       0%         N/A       100%        3
 Gell's Gravitas          Tloc           0%         N/A       100%        3
 Lesser Beckoning         Tloc           0%         N/A       100%        3
 Portal Projectile        Hex/Tloc       0%         N/A       100%        3
 Teleport Other           Tloc           0%         N/A       100%        3
 Flame Wave               Conj/Fire      0%         2d4       100%        4
 Iskenderun's Mystic Bla  Conj/Tloc      0%         2d3       100%        4
 Leda's Liquefaction      Hex/Erth       0%         N/A       100%        4
 Dispersal                Tloc           0%         N/A       100%        6
 Starburst                Conj/Fire      0%         6d3       100%        6
 Summon Cactus Giant      Summ           0%         N/A       100%        6


Dungeon Overview and Level Annotations

Branches:
Dungeon (10/15)            Temple (1/1) D:7            Lair (0/5) D:10
    Orc (2/2) D:9
    Elf: Orc:2

Altars:
Ashenzari
Cheibriados
Dithmenos
Hepliaklqana
Makhleb
Nemelex Xobeh
Qazlal
Trog
Uskayaw
Vehumet
Wu Jian
Yredelemnul
Zin


Innate Abilities, Weirdness & Mutations

You have a pair of horns on your head.
You reflexively headbutt those who attack you in melee.


Message History

You miss the orc high priest.
Your headbutt misses the orc high priest.
The orc high priest is severely wounded.
You slash the orc priest!
Your +3 spectral war axe hits the orc priest!!
You kill the orc priest!
The Council accepts your kill.
Your +3 spectral war axe hits the orc high priest!
The orc high priest mumbles some strange prayers to Beogh against your +3 spectral war axe.
Your +3 spectral war axe is smitten.
Your spectral weapon shares its damage with you!
The orange demon closely misses you. You block the orange demon's attack.
You slice the orc high priest!!
You kill the orc high priest!
The Council accepts your kill.
The orange demon disappears in a puff of smoke!
The hellwing disappears in a puff of smoke!
The orange demon disappears in a puff of smoke!
You hit the orc knight.
Your +3 spectral war axe hits the orc knight!
The orc knight hits you with a +3 battleaxe!!
The orc knight hits your +3 spectral war axe with a +3 battleaxe!
Your spectral weapon shares its damage with you!
Your base Axes skill increases to level 10!
You slash the orc knight!
The orc knight is heavily wounded.
Your +3 spectral war axe closely misses the orc knight.
The orc knight hits you with a +3 battleaxe.
You slash the orc knight!
The orc knight is severely wounded.
Your +3 spectral war axe closely misses the orc knight.
The orc knight hits you with a +3 battleaxe!
* * * LOW HITPOINT WARNING * * *
The orc knight hits your +3 spectral war axe with a +3 battleaxe!!
Your spectral weapon shares its damage with you!
Your +3 spectral war axe fades away.
* * * LOW HITPOINT WARNING * * *
The orc knight attacks as you move away!
The orc knight hits you with a +3 battleaxe!
You die...

##.......##......................
####............................
##..#...........................)
#................................
##...............................
##...............................
#................................
##.#..............oo#............
##...........<.@o.)...(.........
#...............................
##..............................
##..................#............
#....................#....#......
#....................#...........
#........[.......#...#...........
##...........#..###.#.......##.#.
#...............#...........##..


You could see 2 orc knights and an orc sorcerer (strong).

Vanquished Creatures
  Josephine (D:10)
  5 two-headed ogres
  An orc high priest (Orc:2)
  Amaemon (D:10)
  2 orc sorcerers
  Joseph (D:10)
  An orange demon (D:10)
  Prince Ribbit (D:5)
  4 trolls
  A vampire (D:10)
  2 wyverns
  6 wraiths
  A steam dragon (D:7)
  A warg (D:9)
  2 sky beasts
  4 ice beasts
  3 black bears
  6 orc warriors
  4 ogres
  3 centaurs
  3 kobold brigands
  2 gnoll sergeants
  Blork the orc (D:6)
  4 necrophages
  2 scorpions
  2 wights (D:4)
  A jelly (D:6)
  5 killer bees (D:10)
  7 howler monkeys
  10 orc priests
  A hound (D:4)
  A gnoll bouda (D:10)
  A human zombie (D:4)
  3 iguanas
  A scorpion zombie (D:4)
  14 orc wizards
  3 hound zombies (D:4)
  A mummy (D:4)
  16 gnolls
  9 adders
  2 shadow imps
  A white imp (D:7)
  An ufetubus (D:5)
  An adder zombie (D:4)
  2 worms
  A dart slug (D:5)
  41 orcs
  8 endoplasms
  6 giant cockroaches
  8 goblins
  11 hobgoblins
  6 quokkas
  8 ball pythons
  4 bats
  3 frilled lizards
  20 kobolds
  A quokka zombie (D:4)
  3 rats
264 creatures vanquished.

Vanquished Creatures (others)
  3 plants (D:1)
3 creatures vanquished.

Grand Total: 267 creatures vanquished

Notes
Turn   | Place    | Note
-------+----------+-------------------------------------------
     0 | D:1      | Linkola the Minotaur Fighter began the quest for the Orb.
     0 | D:1      | Reached XP level 1. HP: 19/19 MP: 0/0
    95 | D:1      | Reached XP level 2. HP: 15/27 MP: 1/1
   617 | D:1      | Found a faded altar of an unknown god.
   664 | D:1      | Reached XP level 3. HP: 32/33 MP: 2/2
  1085 | D:2      | Reached skill level 1 in Throwing
  1955 | D:3      | Reached XP level 4. HP: 30/40 MP: 3/3
  2545 | D:4      | Reached XP level 5. HP: 42/46 MP: 4/4
  2742 | D:4      | Found a glowing silver altar of Zin.
  3265 | D:4      | Found a basalt altar of Yredelemnul.
  3273 | D:4      | Reached XP level 6. HP: 50/52 MP: 5/5
  3295 | D:4      | Reached skill level 1 in Evocations
  3307 | D:4      | Reached skill level 5 in Axes
  3355 | D:4      | Reached XP level 7. HP: 59/60 MP: 6/6
  3502 | D:4      | Reached skill level 1 in Maces & Flails
  3754 | D:5      | Entered Level 5 of the Dungeon
  3789 | D:5      | Noticed a wyvern
  3791 | D:5      | Noticed Prince Ribbit
  3795 | D:5      | Killed a wyvern
  3796 | D:5      | Reached skill level 5 in Fighting
  3796 | D:5      | Reached skill level 5 in Armour
  3808 | D:5      | Killed Prince Ribbit
  3809 | D:5      | Reached skill level 1 in Dodging
  3809 | D:5      | Reached XP level 8. HP: 34/68 MP: 7/7
  4103 | D:5      | Reached skill level 5 in Throwing
  4201 | D:5      | Identified the ring of the Garden {*Slow rPois rN+ Str+3}
  4298 | D:5      | Identified the +2 mace "Wuenn" {speed, rC- Dex+4 Stlth+}
  5012 | D:6      | Reached skill level 5 in Maces & Flails
  5224 | D:6      | Noticed Blork the orc
  5237 | D:6      | Killed Blork the orc
  5250 | D:6      | Reached XP level 9. HP: 59/74 MP: 8/8
  5378 | D:6      | Noticed a two-headed ogre
  5387 | D:6      | Killed a two-headed ogre
  6451 | D:7      | Reached skill level 5 in Shields
  6503 | D:7      | Found a staircase to the Ecumenical Temple.
  6509 | Temple   | Entered the Ecumenical Temple
  6587 | Temple   | Became a worshipper of the Wu Jian Council
  7999 | D:9      | Reached XP level 10. HP: 83/83 MP: 9/9
  8002 | D:9      | Noticed a two-headed ogre
  8013 | D:9      | Killed a two-headed ogre
  8555 | D:9      | Reached * piety under Wu Jian
  8582 | D:9      | Noticed a two-headed ogre
  8588 | D:9      | Killed a two-headed ogre
  8589 | D:9      | Reached skill level 5 in Evocations
  8644 | D:9      | Found a staircase to the Orcish Mines.
  8661 | D:9      | Found a broken altar of Ashenzari.
  8661 | D:9      | Found a snail-covered altar of Cheibriados.
  9217 | D:10     | Entered Level 10 of the Dungeon
  9219 | D:10     | Noticed Joseph
  9227 | D:10     | Killed Joseph
  9259 | D:10     | Noticed Amaemon
  9262 | D:10     | Noticed an orange demon
  9270 | D:10     | Killed Amaemon
  9273 | D:10     | Killed an orange demon
  9403 | D:10     | Noticed a two-headed ogre
  9413 | D:10     | Killed a two-headed ogre
  9414 | D:10     | Reached XP level 11. HP: 46/92 MP: 10/10
  9867 | D:10     | Found a staircase to the Lair.
  9909 | D:10     | Noticed Josephine
  9921 | D:10     | Killed Josephine
 11034 | Orc:1    | Entered Level 1 of the Orcish Mines
 11204 | Orc:1    | Reached ** piety under Wu Jian
 11208 | Orc:1    | Noticed an orc sorcerer
 11211 | Orc:1    | Paralysed by an orc sorcerer for 3 turns
 11217 | Orc:1    | Killed an orc sorcerer
 11241 | Orc:1    | Noticed a two-headed ogre
 11509 | Orc:1    | Killed a two-headed ogre
 11897 | Orc:2    | Entered Level 2 of the Orcish Mines
 11996 | Orc:2    | Reached skill level 10 in Throwing
 12189 | Orc:2    | Noticed an orc sorcerer
 12189 | Orc:2    | Noticed an orc knight
 12198 | Orc:2    | Paralysed by an orc sorcerer for 2 turns
 12200 | Orc:2    | Noticed an orc sorcerer
 12202 | Orc:2    | Noticed an orc knight
 12203 | Orc:2    | Noticed an orc knight
 12211 | Orc:2    | Killed an orc sorcerer
 12222 | Orc:2    | Noticed an orc high priest
 12222 | Orc:2    | Noticed an orc high priest
 12222 | Orc:2    | Noticed an orc sorcerer
 12224 | Orc:2    | Noticed an orc knight
 12594 | Orc:2    | Killed an orc high priest
 12595 | Orc:2    | Reached skill level 10 in Axes
 12599 | Orc:2    | Slain by an orc knight

Illustrated notes

Levels and vault maps discovered:
D:1:      ncdulo_smallfort, layout_basic,
          hellmonk_ecumenical_altar_inner_sanctum, serial_bayou_ford_a
D:2:      layout_basic, minmay_heptomino_w4
D:3:      layout_loops_ring
D:4:      layout_loops_ring, lemuel_mausoleum_altar_yredelemnul,
          mainiacjoe_overflow_tiny_flanked, chequers_serial_rivers_micro_b
D:5:      layout_basic, uniq_prince_ribbit1
D:6:      layout_basic, solitary_fountain, uniq_blork_the_orc
D:7:      layout_layer_cave, minmay_temple_entry_enclosed_plants
D:8:      layout_rooms
D:9:      nicolae_BIG_FREAKIN_CUBE, layout_basic,
          gammafunk_temple_overflow_elements
D:10:     layout_basic, lair_entry_dummy, kennysheep_donut, uniq_amaemon,
          uniq_josephine, uniq_joseph
Temple:   dpeg_five_rooms_temple
Orc:1:    layout_caves, nicolae_orc_sculptors_studio
Orc:2:    st_orc_elflike, layout_caves

Skill      XL: |  1  2  3  4  5  6  7  8  9 10 11 |
---------------+----------------------------------+-----
Shields        | 4 5 6 |  6.2
Fighting       | 4 5 6 7 8 |  8.2
Armour         | 4 5 6 7 8 |  8.7
Throwing       | 1 2 3 4 6 7 9 10 | 10.1
Axes           | 3 4 5 8 10 | 10.0
Evocations     | 1 2 3 4 5 6 |  6.4
Maces & Flails | 3 5 7 |  7.7
Dodging        | 1 2 |  2.3

Action                   |  1- 3 |  4- 6 |  7- 9 | 10-12 || total
-------------------------+-------+-------+-------+-------++-------
Melee: War axe           |    73 |    80 |    12 |   225 ||   390
       Headbutt          |    12 |     8 |    30 |    34 ||    84
       Morningstar       |       |     8 |   164 |       ||   172
Throw: Dart              |    14 |       |    11 |    56 ||    81
       Stone             |    11 |       |    73 |       ||    84
       Boomerang         |       |    35 |    48 |       ||    83
       Throwing net      |       |       |     3 |       ||     3
Invok: Lunge             |       |       |     3 |    21 ||    24
       Whirlwind         |       |       |       |    12 ||    12
Evoke: Wand              |       |       |     3 |     2 ||     5
       Phial of floods   |       |       |       |     1 ||     1
  Use: Scroll            |     7 |     4 |     6 |     4 ||    21
       Potion            |       |       |     2 |     4 ||     6
 Stab: Paralysed         |       |       |     2 |       ||     2
       Distracted        |       |       |       |     1 ||     1
Armor: Scale mail        |    18 |       |       |       ||    18
       Chain mail        |     7 |    48 |    81 |       ||   136
       Plate armour      |       |       |    25 |   124 ||   149
Dodge: Dodged            |    49 |    38 |    70 |    97 ||   254
Block: Buckler           |    15 |    18 |    34 |    47 ||   114
